Map: Odyssey LE

Players

Galeforce - Winner!

  • Race: Zerg Zerg
  • League: Diamond
  • Spawn Location: 11:00

Maximus

  • Race: Terran Terran
  • League: Diamond
  • Spawn Location: 5:00

VOD

Have the link to the VOD?

Description

Time

  • Played on: Dec. 13, 2017, 1:21 a.m.
  • Length: 13:58
Show
View Real Time Build Order
Export as new Build Order

Galeforce Zerg - Winner!

Build Orders: Hatch First 

Get SALT Encoding   

  12  0:01  Drone  
  13  0:12  Overlord  
  13  0:20  Drone  
  14  0:30  Drone  
  14  0:31  Drone  
  14  0:34  Drone  
  17  0:53  Hatchery  
  17  0:56  Drone  
  17  0:59  Drone  
  18  1:10  Extractor  
  17  1:15  Spawning Pool  
  17  1:18  Drone  
  17  1:21  Drone  
  18  1:27  Drone  
  19  1:38  Overlord  
  19  2:01  Zergling x2  
  19  2:02  Zergling x2  
  19  2:05  Queen x2  
  19  2:06  Drone  
  26  2:14  Metabolic Boost  
  26  2:20  Drone x2  
  28  2:25  Drone  
  28  2:29  Drone  
  30  2:35  Drone  
  31  2:46  Hatchery  
  31  2:48  Drone x2  
  31  2:51  Drone  
  33  2:56  Overlord  
  33  3:03  Drone  
  33  3:14  Overlord  
  33  3:15  Drone  
  33  3:16  Drone x3  
  37  3:23  Baneling Nest  
  37  3:25  Drone x3  
  39  3:40  Overlord x2  
  39  3:41  Drone  
  39  3:42  Drone  
  41  3:51  Drone  
  41  3:52  Drone x2  
  44  3:58  Extractor, Queen  
  44  4:00  Drone  
  44  4:01  Drone x4  
  50  4:05  Lair  
  50  4:06  Extractor  
  49  4:11  Evolution Chamber  
  49  4:15  Evolution Chamber  
  47  4:36  Overlord  
  47  4:37  Drone  
  47  4:38  Drone x11  
  59  4:42  Zerg Melee Weapons Level 1  
  59  4:43  Extractor  
  59  4:44  Zerg Ground Armor Level 1  
  57  4:54  Overlord  
  57  4:56  Zergling x4  
  57  4:57  Zergling x6  
  62  5:03  Drone x4  
  62  5:06  Hydralisk Den  
  65  5:08  Overlord  
  65  5:14  Zergling x2  
  65  5:15  Zergling x4  
  65  5:18  Baneling x5  
  68  5:45  Muscular Augments  
  68  5:48  Drone  
  68  5:49  Drone x9, Overlord  
  78  5:50  Overlord  
  78  5:54  Extractor  
  77  6:14  Zergling x18  
  77  6:15  Zergling x2  
  87  6:19  Hatchery  
  87  6:21  Extractor  
  87  6:24  Centrifical Hooks  
  85  6:26  Hydralisk  
  85  6:27  Hydralisk x7  
  101  6:50  Infestation Pit  
  101  6:53  Overlord x3  
  99  6:57  Drone  
  99  6:58  Drone x5  
  105  7:17  Hydralisk  
  105  7:18  Hydralisk x11  
  105  7:20  Overlord  
  105  7:21  Overlord x2  
  129  7:43  Hydralisk  
  131  7:49  Drone  
  131  7:50  Drone x12  
  131  7:51  Zerg Ground Armor Level 2, Zerg Melee Weapons Level 2  
  144  7:53  Hive  
  144  8:05  Zergling x14  
  143  8:24  Zergling x2  
  143  8:25  Zergling x18  
  134  8:50  Hydralisk  
  134  8:51  Hydralisk x4  
  125  9:09  Adrenal Glands  
  125  9:12  Queen  
  125  9:13  Ultralisk Cavern  
  125  9:15  Extractor  
  125  9:20  Hydralisk x9  
  143  9:27  Hatchery  
  130  9:42  Overlord  
  130  9:47  Zergling x2  
  130  9:48  Zergling x18  
  136  10:07  Chitinous Plating  
  136  10:09  Zerg Melee Weapons Level 3, Zerg Ground Armor Level 3  
  136  10:12  Zergling x2  
  136  10:13  Zergling x22  
  148  10:14  Overlord x2  
  146  10:22  Baneling  
  146  10:23  Baneling x12  
  146  10:38  Overlord  
  146  10:39  Overlord x2  
  146  10:40  Hatchery  
  146  10:42  Hatchery  
  144  10:43  Hatchery  
  144  10:46  Hatchery  
  131  10:52  Hatchery  
  116  10:59  Ultralisk x2  
  116  11:00  Ultralisk x3  
  127  11:19  Swarm Host  
  127  11:21  Zergling x14  
  127  11:22  Zergling x34  
  154  11:28  Overlord  
  154  11:30  Drone x5  
  155  11:50  Baneling  
  155  11:51  Baneling x18  
  155  12:01  Hydralisk  
  155  12:02  Hydralisk x10  
  155  12:03  Hydralisk  
  179  12:11  Drone x10  
  179  12:12  Drone x11  
  175  12:32  Hydralisk  
  175  12:33  Hydralisk x9  
  187  12:47  Hydralisk  
  187  12:48  Hydralisk x4  
  195  12:54  Overlord  
  195  12:58  Extractor  
  194  13:01  Extractor  
  187  13:23  Hydralisk x9  
Show
View Real Time Build Order
Export as new Build Order

Maximus Terran 

Build Orders:  

Get SALT Encoding   

  12  0:00  SCV  
  13  0:13  SCV  
  14  0:18  Supply Depot  
  14  0:25  SCV  
  15  0:32  Refinery  
  15  0:40  SCV  
  16  0:46  Barracks  
  16  0:52  SCV  
  17  1:04  SCV  
  18  1:16  SCV  
  19  1:28  SCV  
  20  1:35  Marine  
  20  1:37  Factory  
  21  1:41  Orbital Command  
  21  1:52  Supply Depot  
  21  1:53  Marine  
  22  2:08  SCV  
  23  2:13  Marine  
  24  2:18  Command Center  
  24  2:22  SCV  
  25  2:23  Factory Tech Lab  
  25  2:27  Refinery  
  25  2:35  SCV  
  26  2:37  Marine  
  26  2:39  Supply Depot  
  27  2:45  Siege Tank  
  27  2:51  SCV  
  31  3:00  Marine  
  31  3:05  SCV  
  33  3:16  Refinery  
  33  3:17  SCV  
  34  3:27  Siege Tank  
  37  3:29  SCV  
  37  3:30  Marine  
  40  3:46  SCV  
  40  3:49  Orbital Command  
  40  3:59  SCV, Command Center  
  41  4:04  Siege Tank  
  41  4:07  Marine  
  45  4:13  Engineering Bay  
  45  4:15  SCV, Factory  
  47  4:17  SCV  
  47  4:23  Supply Depot  
  47  4:28  SCV  
  48  4:41  Barracks Tech Lab  
  48  4:44  Barracks  
  48  4:45  Starport  
  48  4:48  SCV x2  
  48  4:52  Siege Tank  
  52  5:00  Refinery, SCV x2  
  54  5:10  Stimpack  
  54  5:11  Factory Reactor  
  54  5:12  SCV  
  55  5:16  SCV x2, Armory  
  57  5:22  Supply Depot  
  57  5:24  SCV  
  57  5:27  Marauder  
  60  5:29  Starport Reactor  
  60  5:31  SCV  
  61  5:35  Barracks Reactor  
  61  5:36  SCV x2  
  61  5:41  Siege Tank  
  66  5:51  Barracks  
  66  6:03  Missile Turret  
  66  6:04  Missile Turret x2  
  66  6:07  Planetary Fortress  
  66  6:09  SCV x2, Missile Turret  
  68  6:15  Medivac x2  
  72  6:21  SCV x2  
  74  6:28  Hellion x2  
  74  6:32  Siege Tank  
  81  6:33  SCV  
  81  6:35  Marauder  
  81  6:36  Marine  
  85  6:40  Barracks Reactor  
  85  6:46  Supply Depot x2  
  85  6:55  Missile Turret  
  85  7:05  SCV x3, Marine  
  70  7:17  SCV x3  
  70  7:19  Marine, Medivac x2  
  70  7:20  Marine x2  
  70  7:21  Marauder  
  82  7:23  Siege Tank  
  82  7:29  SCV x3  
  90  7:30  Hellion  
  90  7:34  Hellion  
  92  7:41  SCV x2, Marine x2  
  96  7:56  Viking  
  96  7:57  Medivac  
  96  7:58  Marine  
  101  8:19  Siege Tank  
  101  8:39  SCV, Hellion  
  101  8:40  SCV  
  101  8:42  SCV  
  101  8:43  Marauder, Marine x3  
  101  8:45  Marine  
  101  8:46  Hellion  
  101  8:53  Siege Tank  
  98  9:00  Hellion  
  98  9:01  Marine  
  92  9:04  Marauder  
  92  9:07  Hellion  
  92  9:08  Marine x2  
  98  9:16  Command Center, SCV x2  
  100  9:19  Refinery  
  100  9:28  Hellion  
  100  9:29  Siege Tank  
  100  9:30  Hellion  
  77  9:42  Marine  
  77  9:43  Marine x4  
  80  9:49  Hellion  
  82  10:01  Siege Tank  
  82  10:02  Hellion, Marauder  
  89  10:10  Hellion  
  89  10:11  Marine x4  
  95  10:16  Medivac x2  
  99  10:22  Marine  
  99  10:28  Hellion, Marine  
  102  10:29  Marine x3  
  102  10:32  Hellion  
  102  10:33  Siege Tank  
  111  10:46  Viking, Medivac  
  77  11:01  Marine x2  
  77  11:03  Marine x2  
  64  11:06  Siege Tank  
  56  11:20  Marine x2  
  56  11:21  Marauder, Marine  
  47  11:26  Hellion x2, Marine  
  47  11:28  Viking, Medivac  
  55  11:38  Siege Tank, Marine x3  
  57  11:42  Marauder  
  57  11:44  Marine  
  60  11:48  Hellion x2  
  64  11:55  Marine x2  
  64  11:56  Marine  
  64  12:00  SCV  
  68  12:02  Marine  
  68  12:03  Marauder  
  71  12:09  Hellion  
  71  12:10  Siege Tank  
  75  12:25  Marauder  
  49  12:30  Hellion  
  49  12:31  Hellion  
  49  12:33  Marine x2  
  49  12:38  Marine x2  
  49  12:40  Medivac  
  49  12:42  Siege Tank  
  52  12:45  Marine  
  48  12:52  Hellion  
  50  13:02  Hellion, Marine x2  
  50  13:14  Siege Tank  
Tags
 
Matchup
TvZ
Spawn Locations
Cross Positions
Add a new tag
Caveats
  • Supply blocks, unpowered buildings, or Contaminate may cause inaccurate times.
  • Supply counts are checked every 10 seconds.